 Dungeon Crawl Stone Soup version 0.21.1-1-g345015f (webtiles) character file.

10880 niels the Severer (level 11, -18/107 HPs)
             Began as a Minotaur Berserker on June 24, 2018.
             Was a High Priest of Trog.
             Killed from afar by Nergalle (33 damage)
             ... with a bolt of negative energy
             ... on level 11 of the Dungeon on June 25, 2018.
             The game lasted 01:09:10 (9850 turns).

niels the Severer (Minotaur Berserker)              Turns: 9850, Time: 01:09:11

Health: -18/107    AC:  8    Str: 24    XL:     11   Next: 42%
Magic:  10/10      EV:  8    Int:  5    God:    Trog [*****.]
Gold:   651        SH:  3    Dex: 10    Spells: 10/10 levels left

rFire    + . .     SeeInvis +   d - +10 broad axe of Might {elec, rElec rPois rF+}
rCold    . . .     Gourm    .   (no shield)
rNeg     . . .     Faith    .   f - +0 chain mail
rPois    +         Spirit   .   (helmet restricted)
rElec    +         Reflect  +   (no cloak)
rCorr    +         Harm     .   (no gloves)
MR       .....                  (no boots)
Stlth    ..........             w - +3 amulet of reflection
HPRegen  0.27/turn              j - ring of see invisible
MPRegen  0.12/turn              t - ring of resist corrosion

@: berserk cooldown, slowed, heavily drained, very slow
A: retaliatory headbutt, horns 2
a: Berserk, Trog's Hand, Brothers in Arms, Burn Spellbooks, Renounce Religion


You were on level 11 of the Dungeon.
You worshipped Trog.
Trog was extremely pleased with you.
You were very hungry.

You visited 1 branch of the dungeon, and saw 11 of its levels.

You collected 651 gold pieces.

Inventory:

Hand Weapons
 a - a +0 hand axe
 d - the +10 broad axe of Might (weapon) {elec, rElec rPois rF+}
   (Trog gifted it to you on level 9 of the Dungeon)

   Occasionally, upon striking a foe, it will discharge some electrical energy
   and cause terrible harm.
   It protects you from fire.
   It insulates you from electricity.
   It protects you from poison.
 k - a +1 hand axe of venom
 s - a +0 hand axe
 E - a +0 hand axe
 S - a +0 war axe
 T - a cursed +3 battleaxe of freezing
Missiles
 h - 303 stones (quivered)
Armour
 f - a +0 chain mail (worn)
 Q - a +0 troll leather armour
 R - a +3 leather armour
Jewellery
 j - a ring of see invisible (left hand)
 t - a ring of resist corrosion (right hand)
 w - a +3 amulet of reflection (around neck)
 y - an uncursed ring of see invisible
 V - an uncursed ring of positive energy {unknown}
Wands
 r - a wand of enslavement (11)
 C - a wand of disintegration (15)
 F - a wand of iceblast (10)
 G - a wand of scattershot (7)
 I - a wand of flame (16)
Scrolls
 g - 9 scrolls of remove curse
 n - 14 scrolls of identify
 o - a scroll of enchant weapon {unknown}
 q - a scroll of amnesia {unknown}
 u - 3 scrolls of blinking {unknown}
 x - 2 scrolls of immolation {unknown}
 z - 3 scrolls of enchant armour {unknown}
 A - a scroll of noise {unknown}
 D - a scroll of magic mapping {unknown}
 H - a scroll of random uselessness {unknown}
 J - 2 scrolls of teleportation {unknown}
 K - 3 scrolls of fear {unknown}
 M - 2 scrolls of fog {unknown}
 N - a scroll of summoning {unknown}
 O - a scroll of torment {unknown}
Potions
 b - 3 potions of curing
 e - 2 potions of heal wounds {unknown}
 i - 2 potions of haste
 m - 3 potions of might {unknown}
 p - 2 potions of mutation {unknown}
 B - 2 potions of lignification {unknown}
 L - 6 potions of brilliance {unknown}
 P - a potion of ambrosia {unknown}
Books
 l - a book of Minor Magic

   Spells                             Type                      Level
   a - Magic Dart                     Conjuration                  1
   b - Blink                          Translocation                2
   c - Call Imp                       Summoning                    2
   d - Slow                           Hexes                        2
   e - Conjure Flame                  Conjuration/Fire             3
   f - Mephitic Cloud                 Conjuration/Poison/Air       3
   Trog disapproves of the use of such an item.
 v - a book of Flames

   Spells                             Type                      Level
   a - Flame Tongue                   Conjuration/Fire             1
   b - Throw Flame                    Conjuration/Fire             2
   c - Conjure Flame                  Conjuration/Fire             3
   d - Inner Flame                    Hexes/Fire                   3
   e - Sticky Flame                   Conjuration/Fire             4
   f - Fireball                       Conjuration/Fire             5
   Trog disapproves of the use of such an item.
Comestibles
 c - 17 rations
 U - 4 chunks of flesh


   Skills:
 - Level 13.0(10.8) Fighting
 + Level 16.6(14.2) Axes
 - Level 2.4(0.8) Armour
 - Level 2.1(0.5) Dodging


You had 10 spell levels left.
You didn't know any spells.

Dungeon Overview and Level Annotations

Branches:
Dungeon (11/15)            Temple (0/1) D:7
   Lair: D:8-11         Orc: D:9-12

Altars:
Ashenzari
Elyvilon
Fedhas
Gozag
Okawaru
Wu Jian
Xom

Annotations:
D:11 Nergalle


Innate Abilities, Weirdness & Mutations

You reflexively headbutt those who attack you in melee.
You have a pair of horns on your head.


Message History

You closely miss Nergalle. You headbutt Nergalle!
Nergalle is severely wounded.
You slice the orc priest!!
You kill the orc priest!
Trog accepts your kill.
Nergalle casts a spell at the orc priest.
The orc priest seems to speed up.
The orc priest hits you with a short sword.
You hit Nergalle. Lightning courses through Nergalle!
Nergalle is almost dead.
You hit the orc priest.
Lightning courses through the orc priest!
Nergalle gestures at you while chanting.
The bolt of negative energy hits you!
You feel drained.
The orc priest hits you with a short sword.
The orc warrior hits you from afar with a halberd!!
* * * LOW HITPOINT WARNING * * *
Nergalle points at you and mumbles some strange words.
The bolt of negative energy hits you!
You feel drained.
You die...

#o###.....#
#.####.
#.).o.....#
#.# #.
#####.....#
#.# ##
#.....#
#.#####
#..o..#
#......
####o##
####### #o#
#. #o#######
#. #o@..†..#
#. #######.#
#. #.# #. #.#
#. #.# #. #.#
#. #.# #.
#.##########.
#............


You could see Nergalle, an orc warrior, an orc priest and 2 orcs.

Vanquished Creatures
  The ghost of w0lly the Peltast, a journeyman MiFi of the Shining One (D:11)
  Erolcha (D:9)
  An unseen horror (D:10)
  Pikel (D:3)
  An ugly thing (D:11)
  Psyche (D:9)
  A gargoyle (D:10)
  2 trolls (D:10)
  Grinder (D:5)
  Prince Ribbit (D:6)
  A hippogriff (D:8)
  Sigmund (D:5)
  A centaur simulacrum (D:10)
  5 yaks (D:11)
  A water elemental (D:11)
  A spriggan (D:7)
  A shadow (D:11)
  A wyvern (D:9)
  Edmund (D:4)
  Duvessa (D:5)
  An acid dragon (D:11)
  A soldier ant (D:11)
  3 slaves
  3 orc warriors
  2 ice beasts
  A necrophage (D:9)
  3 black bears
  2 phantoms
  2 ogres
  6 centaurs
  A crocodile (D:8)
  5 bullfrogs
  Dowan (D:5)
  4 scorpions
  A water moccasin skeleton (D:4)
  2 howler monkeys
  5 wights (D:10)
  2 crimson imps
  5 quasits
  5 hounds
  A centaur skeleton (D:5)
  7 orc priests
  2 bullfrog skeletons
  3 jellies
  11 orc wizards
  2 iguanas
  6 worker ants
  Ijyb (D:4)
  A killer bee zombie (D:10)
  3 hound skeletons
  A worker ant zombie (D:4)
  3 gnolls (D:7)
  7 adders
  2 shadow imps
  2 oozes (D:1)
  3 adder skeletons
  4 adder zombies
  A worm (D:3)
  2 dart slugs
  A leopard gecko (D:9)
  39 orcs
  A ball python (D:3)
  5 bats
  5 giant cockroaches
  16 hobgoblins
  2 jackals (D:5)
  5 kobolds
  6 quokkas
  A ball python zombie (D:4)
  8 frilled lizards
  A giant cockroach zombie (D:4)
  16 goblins
  A jackal zombie (D:4)
  A leopard gecko skeleton (D:4)
  A leopard gecko zombie (D:4)
  A quokka zombie (D:7)
  4 rats
256 creatures vanquished.

Vanquished Creatures (others)
  Menkaure (D:4)
  A hound skeleton (D:4)
  4 fungi (D:8)
6 creatures vanquished.

Grand Total: 262 creatures vanquished

Notes
Turn   | Place    | Note
-------+----------+-------------------------------------------
     0 | D:1      | niels the Minotaur Berserker began the quest for the Orb.
     0 | D:1      | Reached XP level 1. HP: 19/19 MP: 0/0
    71 | D:1      | Reached skill level 4 in Axes
   247 | D:1      | Reached XP level 2. HP: 25/26 MP: 1/1
   847 | D:2      | Reached skill level 5 in Axes
   847 | D:2      | Reached XP level 3. HP: 29/31 MP: 2/2
   887 | D:2      | You fall through a shaft for 2 floors!
   890 | D:4      | Noticed Menkaure
  1057 | D:3      | Reached ** piety under Trog
  1063 | D:3      | Reached XP level 4. HP: 26/39 MP: 3/3
  1066 | D:3      | Reached skill level 6 in Axes
  1074 | D:3      | Found a faded altar of an unknown god.
  1901 | D:3      | Reached XP level 5. HP: 45/45 MP: 4/4
  1997 | D:3      | Reached skill level 7 in Axes
  2017 | D:3      | Found an ornate altar of the Wu Jian Council.
  2185 | D:3      | Found a shimmering altar of Xom.
  2347 | D:4      | Reached *** piety under Trog
  2427 | D:4      | Noticed a slave
  2427 | D:4      | Noticed a slave
  2428 | D:4      | Noticed a slave
  2428 | D:4      | Noticed Pikel
  2428 | D:4      | Noticed a slave
  2462 | D:3      | Killed a slave
  2675 | D:4      | Noticed Ijyb
  2684 | D:4      | Killed Ijyb
  2800 | D:4      | Reached skill level 8 in Axes
  2846 | D:4      | Killed a slave
  2942 | D:4      | Killed a slave
  2979 | D:3      | Killed Pikel
  2979 | D:3      | Reached XP level 6. HP: 43/60 MP: 5/5
  2979 | D:3      | Reached XP level 7. HP: 47/66 MP: 6/6
  3160 | D:5      | Entered Level 5 of the Dungeon
  3160 | D:5      | Found a blossoming altar of Fedhas.
  3475 | D:5      | Noticed Duvessa
  3563 | D:4      | Reached **** piety under Trog
  3672 | D:4      | Reached XP level 8. HP: 77/78 MP: 7/7
  3700 | D:4      | Noticed Edmund
  3721 | D:4      | Killed Edmund
  3760 | D:4      | Killed Menkaure
  3892 | D:5      | Killed Duvessa
  3892 | D:5      | Reached skill level 10 in Fighting
  3905 | D:5      | Noticed Dowan
  3912 | D:5      | Killed Dowan
  4214 | D:5      | Noticed Sigmund
  4278 | D:5      | Killed Sigmund
  4678 | D:5      | Noticed Grinder
  4683 | D:5      | Paralysed by Grinder for 4 turns
  4692 | D:5      | Paralysed by Grinder for 6 turns
  4704 | D:5      | Killed Grinder
  5227 | D:6      | Reached XP level 9. HP: 89/90 MP: 8/8
  5326 | D:6      | Noticed Prince Ribbit
  5338 | D:6      | Killed Prince Ribbit
  5645 | D:6      | Found an iron altar of Okawaru.
  5801 | D:6      | Found a shattered altar of Ashenzari.
  6289 | D:7      | Found a white marble altar of Elyvilon.
  6393 | D:7      | Reached skill level 9 in Axes
  6430 | D:7      | Found an opulent altar of Gozag.
  6436 | D:7      | Found a staircase to the Ecumenical Temple.
  6670 | D:7      | Reached skill level 10 in Axes
  7110 | D:8      | Reached skill level 11 in Axes
  7210 | D:8      | Reached ***** piety under Trog
  7238 | D:8      | Reached XP level 10. HP: 58/101 MP: 9/9
  7584 | D:8      | Reached skill level 12 in Axes
  7651 | D:8      | You fall through a shaft!
  7704 | D:9      | Noticed Erolcha
  7716 | D:9      | Killed Erolcha
  7716 | D:9      | Reached skill level 13 in Axes
  8177 | D:9      | Received a gift from Trog
  8178 | D:9      | Got a shimmering broad axe {god gift}
  8179 | D:9      | Identified the +10 broad axe of Might {elec, rElec rPois rF+} (Trog gifted it to you on level 9 of the Dungeon)
  8186 | D:9      | Noticed Psyche
  8195 | D:9      | Killed Psyche
  8321 | D:10     | Entered Level 10 of the Dungeon
  8374 | D:10     | Noticed an unseen horror
  8380 | D:10     | Killed an unseen horror
  8380 | D:10     | Reached skill level 14 in Axes
  8710 | D:10     | Reached skill level 15 in Axes
  8758 | D:10     | Noticed a gargoyle
  8765 | D:10     | Killed a gargoyle
  8765 | D:10     | Reached XP level 11. HP: 65/107 MP: 10/10
  9207 | D:11     | Noticed w0lly's ghost (journeyman MiFi)
  9224 | D:11     | Killed w0lly's ghost
  9572 | D:11     | Reached skill level 16 in Axes
  9785 | D:11     | Noticed a red ugly thing
  9789 | D:11     | Killed a red ugly thing
  9813 | D:11     | Noticed Nergalle
  9850 | D:11     | Killed from afar by Nergalle

Skill      XL: |  1  2  3  4  5  6  7  8  9 10 11 |
---------------+----------------------------------+-----
Axes           | 4 5 6 8 11 15 16 | 16.6
Fighting       | 7 9 12 13 | 13.0
Armour         | |  2.4
Dodging        | |  2.1

Action                   |  1- 3 |  4- 6 |  7- 9 | 10-12 || total
-------------------------+-------+-------+-------+-------++-------
Melee: Hand axe          |    53 |   142 |   283 |    79 ||   557
       Headbutt          |    12 |    24 |    58 |    44 ||   138
       Broad axe         |       |       |       |   122 ||   122
       War axe           |       |       |       |     3 ||     3
Throw: Stone             |       |     2 |       |       ||     2
Invok: Berserk           |       |     1 |     4 |     3 ||     8
  Use: Scroll            |       |       |       |     2 ||     2
  Eat: Chunk             |       |     2 |     9 |    10 ||    21
       Ration            |       |     2 |     2 |       ||     4
Armor: Chain mail        |    28 |    55 |   119 |    74 ||   276
Dodge: Dodged            |    20 |    55 |   112 |    56 ||   243
Block: Other             |       |       |       |    10 ||    10
